 Dungeon Crawl Stone Soup version 0.17.0-57-g0e89251 (webtiles) character file.

32 sugabear the Cudgeler (level 3, 0/22 HPs)
             Began as a Gargoyle Gladiator on Dec 8, 2015.
             Killed from afar by a kobold (7 damage)
             ... with a wand of flame
             ... on level 2 of the Dungeon.
             The game lasted 00:01:31 (1284 turns).

sugabear the Cudgeler (Gargoyle Gladiator)          Turns: 1284, Time: 00:01:31

Health: 0/22       AC:  7    Str: 18    XL:     3   Next: 25%
Magic:  3/3        EV: 12    Int:  8    God:
Gold:   63         SH:  0    Dex: 11    Spells: 0 memorised, 2 levels left

rFire  . . .     SeeInvis .     a - +0 flail
rCold  . . .     Clarity  .     b - +0 leather armour
rNeg   + . .     SustAt   .     (no shield)
rPois  ∞         Gourm    .     c - +0 helmet
rElec  +         Spirit   .     (no cloak)
rCorr  .         Warding  .     (no gloves)
rMut   .         Stasis   .     (no boots)
MR     .....                    (no amulet)
Stlth  +.........               (no ring)
                                (no ring)

@: not resistant to hostile enchantments, very unstealthy
A: negative energy resistance 1, electricity resistance, unbreathing,
petrification resistance, rot immunity, AC +3
a: no special abilities


You were on level 2 of the Dungeon.
You were not hungry.

You visited 1 branch of the dungeon, and saw 3 of its levels.

You collected 63 gold pieces.

Inventory:

Hand Weapons
 a - a +0 flail (weapon)
Missiles
 d - 3 throwing nets (quivered)
 p - 6 javelins of returning
Armour
 b - a +0 leather armour (worn)
 c - a +0 helmet (worn)
Jewellery
 j - an uncursed amulet of clarity {unknown}
 n - a cursed ring of loudness {unknown}
 q - an uncursed ring of flight {unknown}
Scrolls
 f - a scroll of recharging {unknown}
 k - a scroll of identify {unknown}
 l - a scroll of enchant armour {unknown}
 m - a scroll of random uselessness {unknown}
Potions
 g - a potion of brilliance {unknown}
 o - a potion of degeneration {unknown}
Comestibles
 e - a bread ration
 h - 2 meat rations
 i - a slice of pizza


   Skills:
 + Level 2.6 Fighting
 + Level 3.3 Maces & Flails
 + Level 1.9 Throwing
 + Level 2.9 Dodging
 + Level 0.2 Stealth


You had 2 spell levels left.
You didn't know any spells.

Dungeon Overview and Level Annotations

Branches:
Dungeon (3/15)

Altars:


Innate Abilities, Weirdness & Mutations

You are resistant to torment.
Your stone body is resilient (AC +3).
You are immune to poison.
You resist negative energy.
You are resistant to electric shocks.
You can survive without breathing.
You are immune to petrification.
You are immune to rotting.


Message History

You hit the ooze.
You kill the ooze!
The kobold zaps a wand.
The puff of flame hits you!
It is a wand of flame.
The kobold misses you.
You closely miss the kobold.
The kobold zaps a wand.
The puff of flame hits you! The kobold misses you.
The kobold hits you but does no damage.
You closely miss the kobold. The kobold hits you but does no damage.
The kobold hits you but does no damage.
You hit the kobold.
You kill the kobold!
The kobold zaps a wand.
The puff of flame hits you!
You barely miss the kobold. The kobold barely misses you.
You hit the kobold.
The kobold is moderately wounded.
The kobold hits you but does no damage.
You barely miss the kobold.
The kobold is moderately wounded.
The kobold zaps a wand.
The puff of flame hits you!
You die...

###..#..# #.....#.# #.
##.###.#.# . #..#
#...############.# ..##
##...##..........## ###
####.....#######....
............## ##...#
#########.#.#####††###...
...........<....@K.......
##########.##...####.#...
### ##............. ...
..........#...### ###
####..######..... ###
......# ..... .... ......
#### .... .####..### ###
#.<.#


You could see a kobold.

Vanquished Creatures
  An ooze (D:2)
  6 bats
  3 goblins
  6 hobgoblins
  A quokka (D:2)
  A giant newt (D:2)
  6 kobolds
  2 rats
26 creatures vanquished.

Notes
Turn   | Place    | Note
--------------------------------------------------------------
     0 | D:1      | sugabear the Gargoyle Gladiator began the quest for the Orb.
     0 | D:1      | Reached XP level 1. HP: 12/12 MP: 1/1
   138 | D:1      | Reached XP level 2. HP: 13/18 MP: 2/2
  1180 | D:2      | Reached XP level 3. HP: 19/22 MP: 3/3
  1284 | D:2      | Killed from afar by a kobold

Action                   || total
-------------------------++-------
Melee: Flail             ||    99
  Eat: Chunk             ||     1
